 Dungeon Crawl Stone Soup version 0.30-a0-1114-gd936c97349 (webtiles) character file.

Game seed: 10624798220189730810

76 Lusmu the Firebug (level 4, -8/30 HPs)
             Began as a Demonspawn Fire Elementalist on Apr 21, 2023.
             Shot with a bolt by an orc warrior (12 damage)
             ... on level 3 of the Dungeon.
             The game lasted 00:08:41 (2076 turns).

Lusmu the Firebug (Demonspawn Fire Elementalist)    Turns: 2076, Time: 00:08:41

Health: -8/30      AC:  4    Str:  8    XL:     4   Next: 12%
Magic:  0/7        EV: 12    Int: 18    God:
Gold:   143        SH:  0    Dex: 14    Spells: 7/8 levels left

rFire   . . .      SeeInvis .    i - +2 long sword (freeze)
rCold   + . .      Faith    .    (no shield)
rNeg    . . .      Spirit   +    a - +0 robe
rPois   +          Reflect  .    c - +0 helmet
rElec   .          Rampage  .    o - +0 cloak
rCorr   .                        (no gloves)
Will    .....                    (no boots)
Stlth   ++                       g - amulet of guardian spirit
HPRegen 0.25/turn                l - ring of flight
MPRegen 0.10/turn                (no ring)

@: flying
A: demonic guardian 1, cold resistance 1, low MP 1, poison resistance
a: no special abilities


You were on level 3 of the Dungeon.
You visited 1 branch of the dungeon, and saw 3 of its levels.

You collected 143 gold pieces.

Inventory:

Hand Weapons
 i - a +2 long sword of freezing (weapon)
 k - a +0 executioner's axe
Missiles
 h - 7 poisoned darts
Armour
 a - a +0 robe (worn)
 c - a +0 helmet (worn)
 j - a +0 leather armour
 o - a +0 cloak (worn)
Jewellery
 g - an amulet of guardian spirit (around neck)
 l - a ring of flight (left hand)
Scrolls
 d - 2 scrolls of identify
 e - 2 scrolls of amnesia
 f - a scroll of teleportation {unknown}
 n - a scroll of blinking {unknown}
 q - a scroll of acquirement {unknown}
Potions
 b - a potion of magic
 m - a potion of curing {unknown}
 p - a potion of invisibility {unknown}


   Skills:
 - Level 1.8 Dodging
 + Level 2.5 Stealth
 + Level 2.7 Spellcasting
 + Level 2.1 Conjurations
 + Level 3.2 Fire Magic


You had 7 spell levels left.
You knew the following spells:

 Your Spells              Type           Power      Damage    Failure   Level
a - Foxfire               Conj/Fire      48%        2x1d6     5%          1

Your spell library contained the following spells:

 Spells                   Type           Power      Damage    Failure   Level
 Scorch                   Fire           28%        2d6       7%          2
 Freeze                   Ice            8%         1d3       17%         1
 Cigotuvi's Dreadful Rot  Necr/Pois/Air  4%         N/A       26%         2
 Inner Flame              Hex/Fire       8%         N/A       26%         3
 Volatile Blastmotes      Fire/Tloc      16%        2d11      26%         3
 Hailstorm                Conj/Ice       6%         3d4       32%         3
 Ignite Poison            Fire/Tmut/Pois 6%         N/A       32%         3
 Frozen Ramparts          Ice            4%         1d1       45%         3
 Flame Wave               Conj/Fire      12%        2d6       50%         4
 Fulminant Prism          Conj/Hex       3%         3d5       71%         4
 Iskenderun's Mystic Bla  Conj/Tloc      6%         2d4       71%         4
 Freezing Cloud           Conj/Ice/Air   2%         6-21      98%         5
 Lee's Rapid Deconstruct  Erth           1%         3d4*      99%         5


Dungeon Overview and Level Annotations

Branches:
Dungeon (3/15)

Altars:


Innate Abilities, Weirdness & Mutations

A weak demonic guardian rushes to your aid.
Your flesh is cold resistant. (rC+)
Your magical capacity is low. (-10% MP)
Your system is resistant to poisons. (rPois)


Message History

An orc warrior comes into view.
It is wielding a +2 vampiric glaive and wearing a +2 plate armour of willpower.
The orc priest shouts!
The orc shouts!
The orc warrior shouts!
You see here a scroll labelled SIFOTOFYGO.
q - a scroll labelled SIFOTOFYGO The orc attacks as you move away!
The orc misses you.
Casting: Foxfire (safe; 5% risk of failure)
Confirm with . or Enter, or press ? or * to list all spells.
You conjure some foxfire!
The orc priest looks satisfied for a moment.
The orc misses you.
Your foxfire dissipates!
The orc attacks as you move away! The orc closely misses you.
Casting: Foxfire (safe; 5% risk of failure)
Confirm with . or Enter, or press ? or * to list all spells.
You conjure some foxfire!
The orc barely misses you.
Your foxfire dissipates!
The foxfire hits the orc.
The orc is lightly wounded.
The orc priest invokes the aid of Beogh against you.
Beogh smites you!
The orc warrior hits you from afar with a +2 vampiric glaive!
* * * LOW HITPOINT WARNING * * *
The orc barely misses you. The orc attacks as you move away!
The orc hits you with a +0 club.
* * * LOW HITPOINT WARNING * * *
As you read the scroll labelled BOMAPS TUHE, it crumbles to dust.
It is a scroll of amnesia.
Really abort (and waste the scroll)?
Okay, then.
The orc warrior unwields a +2 vampiric glaive.
The orc warrior wields a +0 arbalest.
The orc warrior shoots a bolt.
The bolt hits you.
* * * LOW HITPOINT WARNING * * *
A demonic guardian appears!
The orc warrior shoots a bolt.
The bolt hits you.
* * * LOW HITPOINT WARNING * * *
You see here a hobgoblin corpse.
The orc warrior shoots a bolt.
The bolt barely misses your quasit. The bolt hits you!
You die...

...##
###.###### #.
#.# . #.# #.#
#.# #.# #.#
#.# #@# #5#
#.#######
#.......##
#.##†.#..###
#.o........#
#.##...###.#
...##.[##.#.#
#.#.#..##.##.#


You could see an orc warrior and a friendly quasit (summoned).

Vanquished Creatures
  3 adders
  A dart slug (D:2)
  6 bats
  2 endoplasms
  3 giant cockroaches
  5 goblins
  7 hobgoblins
  3 jackals (D:2)
  3 kobolds
  A quokka (D:3)
  3 ball pythons
  5 rats
42 creatures vanquished.

Vanquished Creatures (collateral kills)
  A foxfire (D:2)
1 creature vanquished.

Vanquished Creatures (others)
  40 foxfires
40 creatures vanquished.

Grand Total: 83 creatures vanquished

Notes
Turn   | Place    | Note
-------+----------+-------------------------------------------
     0 | D:1      | Lusmu the Demonspawn Fire Elementalist began the quest for
                  | the Orb.
     0 | D:1      | Reached XP level 1. HP: 13/13 MP: 3/3
   260 | D:1      | Gained mutation: A weak demonic guardian rushes to your
                  | aid. [demonic ancestry]
   260 | D:1      | Reached XP level 2. HP: 19/19 MP: 1/5
  1062 | D:1      | Gained mutation: Your system is resistant to poisons.
                  | (rPois) [potion of mutation]
  1062 | D:1      | Gained mutation: Your magical capacity is low. (-10% MP)
                  | [potion of mutation]
  1062 | D:1      | Gained mutation: Your flesh is cold resistant. (rC+)
                  | [potion of mutation]
  1113 | D:2      | Reached skill level 3 in Fire Magic
  1113 | D:2      | Reached XP level 3. HP: 24/24 MP: 2/5
  1994 | D:3      | Reached XP level 4. HP: 28/30 MP: 2/7
  2048 | D:3      | Noticed an orc warrior
  2065 | D:3      | HP: 1/30 [orc warrior/bolt (4)]
  2076 | D:3      | Shot with a bolt by an orc warrior

Illustrated notes

Levels and vault maps discovered:
D:1:      psy_arrival_basics, layout_loops_corners, kennysheep_decorative_pillar
D:2:      layout_loops_ring
D:3:      layout_rooms, mainiacjoe_overflow_alcove_2, minmay_cupped

Skill      XL: |  1  2  3 |
---------------+----------+-----
Stealth        | 2 |  2.5
Fire Magic     | 3 |  3.2
Conjurations   | 2 |  2.1
Dodging        | |  1.8
Spellcasting   | |  2.7

Action                     |  1- 3 |  4- 6 || total
---------------------------+-------+-------++-------
  Melee: Unarmed           |    19 |       ||    19
         Spear             |    42 |       ||    42
         Long sword        |    34 |     1 ||    35
   Cast: Foxfire           |    27 |     2 ||    29
    Use: Scroll            |     1 |     1 ||     2
         Potion            |     1 |       ||     1
   Stab: Sleeping          |     3 |       ||     3
 Armour: Robe              |    53 |     1 ||    54
  Dodge: Dodged            |    85 |     5 ||    90

Table legend: (Time is in decaauts)
 A = Elapsed time spent in this place.
 B = Non-inter-level travel time spent in this place.
 C = Inter-level travel time spent in this place.
 D = Time resting spent in this place.
 E = Time spent auto-exploring this place.
 F = Levels seen in this place.
 G = Mean time per level.
                   A        B        C        D        E       F      G
               +--------+--------+--------+--------+--------+-----+--------+
         Total |   2092 |   2044 |     48 |    154 |   1219 |   3 |  697.3 |
       Dungeon |   2092 |   2044 |     48 |    154 |   1219 |   3 |  697.3 |
               +--------+--------+--------+--------+--------+-----+--------+

Top non-repeatable levels by time:
     D:1: 1068 daAuts
     D:2: 886 daAuts
     D:3: 138 daAuts
